AoeStats
← Nemesis

Arabia

508457467Analyzed
3v3 RM · 11d ago on Sep 22, 2026· 40m 20s· 6 players
Game mode
Random Map
Map size
Normal (6 player)
Population
200
Speed
Normal
Resources
Standard
Victory
Conquest
Starting age
Dark Age
Ending age
Imperial Age
RankedLock teamsTeams togetherTeam positionsShared explorationLock speedFull tech treeHidden civsTurbo modeCheats
Victory
Defeat
🇨🇳 Ethiopians · China
1307
+12
🇹🇼 Saracens · Taiwan
1251
+14
🇹🇼 Vikings · Taiwan
1249
+14
🇦🇹 Italians · Austria
1227
-14
🇦🇹 Persians · Austria
1214
-13
🇦🇹 Saracens · Austria
1203
-13
CYTR.波吉
6:46 Loom
9:10 Feudal Age
13:38 Fletching
18:13 Double-Bit Axe
27:26 Castle Age
25:58 Padded Archer Armor
26:09 Gold Mining
26:53 Horse Collar
27:29 Crossbowman
28:25 Leather Archer Armor
28:08 Bodkin Arrow
29:09 Bow Saw
28:55 Town Watch
29:55 Ballistics
29:18 Treadmill Crane
30:47 Leather Archer Armor
37:59 Imperial Age
37:52 Town Patrol
38:05 Arbalester
38:47 Bracer
40:30 Two-Man Saw
40:39 Chemistry
CYTR.波力士上帝
5:01 Loom
9:30 Feudal Age
10:10 Double-Bit Axe
17:50 Scale Barding Armor
24:11 Castle Age
24:40 Bloodlines
24:42 Forging
25:32 Husbandry
27:18 Wheelbarrow
26:29 Town Watch
26:32 Horse Collar
28:08 Chain Barding Armor
30:37 Iron Casting
37:20 Bow Saw
37:59 Hand Cart
41:05 Imperial Age
HungrySimba
6:40 Loom
9:34 Feudal Age
10:18 Town Watch
10:26 Town Watch
10:44 Double-Bit Axe
16:58 Fletching
23:23 Castle Age
24:00 Bodkin Arrow
23:26 Crossbowman
24:20 Padded Archer Armor
33:44 Ballistics
33:52 Thumb Ring
34:19 Gold Mining
37:47 Imperial Age
38:20 Wheelbarrow
38:29 Wheelbarrow
38:19 Masonry
38:32 Bracer
40:00 Chemistry
38:55 Elite Skirmisher
39:14 Arbalester
Nemesis
5:56 Loom
8:42 Feudal Age
11:37 Fletching
20:48 Double-Bit Axe
21:08 Horse Collar
26:08 Padded Archer Armor
31:21 Castle Age
31:42 Gold Mining
32:02 Bodkin Arrow
31:30 Elite Skirmisher
33:40 Leather Archer Armor
34:11 Ballistics
36:04 Bow Saw
37:10 Heavy Plow
37:26 Crossbowman
38:23 Thumb Ring
Slim JD
11:23 Feudal Age
9:39 Loom
15:44 Castle Age
13:49 Double-Bit Axe
14:25 Horse Collar
16:21 Bow Saw
16:52 Scale Barding Armor
17:56 Bloodlines
23:30 Gold Mining
23:42 Heavy Plow
26:49 Husbandry
28:45 Chain Barding Armor
28:36 Forging
30:36 Wheelbarrow
37:52 Gold Shaft Mining
38:23 Hand Cart
40:36 Iron Casting
Salatsouce
9:39 Loom
11:24 Feudal Age
18:36 Castle Age
18:28 Double-Bit Axe
24:55 Padded Archer Armor
24:47 Fletching
25:12 Bow Saw
25:21 Horse Collar
28:41 Wheelbarrow
27:58 Elite Skirmisher
31:34 Bodkin Arrow
32:17 Scale Barding Armor
32:23 Forging
34:24 Husbandry
34:34 Bloodlines
35:31 Chain Barding Armor
35:47 Iron Casting
39:32 Imperial Age
38:13 Padded Archer Armor
39:39 Elite Mameluke
Connection lost

Rejoining the realm…

Still unreachable

The connection could not be restored.

Session expired

The server has moved on; the page needs a fresh start.